 Dungeon Sprint DCSS version 0.29.1-2-gbd0b4ee654 (webtiles) character file.

Game seed: 10846125604253906135

11100000 raph the Axe Maniac (level 27, -7/228 HPs)
             Began as a Djinni Warper on Nov 29, 2022.
             Was the Champion of Makhleb.
             Killed by divine providence
             ... invoked by an observer
              (14 damage)
             ... in the Dungeon (Sprint VIII: "Arena of Blood").
             The game lasted 00:04:00 (111 turns).

raph the Axe Maniac (Djinni Warper)                  Turns: 111, Time: 00:04:01

Health: -7/228     AC:  6    Str: 10    XL:     27
Gold:   0          EV: 37    Int: 16    God:    Makhleb [******] SH:  0 Dex: 26

rFire   + + .      SeeInvis +   i - +∞ Axe of Woe
rCold   x . .      Faith    .   (shield currently unavailable)
rNeg    . . .      Spirit   .   b - +0 leather armour
rPois   ∞          Reflect  .   (no helmet)
rElec   .          Harm     .   (no cloak)
rCorr   .          Rampage  .   (no gloves)
Will    ++...      NoTele   +   (boots unavailable)
Stlth   ++++++++++              (no amulet)
HPRegen 0.48/turn               j - +200 ring of slaying
MPRegen 0.00/turn               k - ring of see invisible

@: marked, flying, hasted and slowed
A: sickness immunity, fire resistance 2, cold vulnerability 1, float, innate
caster, HP casting, extra vitality 1
a: Renounce Religion, Minor Destruction, Lesser Servant of Makhleb, Major
Destruction, Greater Servant of Makhleb


You were in the Dungeon.
You worshipped Makhleb.
Makhleb was exalted by your worship.
You visited 1 branch

Inventory:

Hand Weapons
 a - a +0 hand axe
 i - the +∞ Axe of Woe (weapon)
   (You found it in the Dungeon)
Missiles
 d - 7 boomerangs of dispersal (quivered)
Armour
 b - a +0 leather armour (worn)
Jewellery
 j - a +200 ring of slaying (left hand)
 k - a ring of see invisible (right hand)
Scrolls
 c - 2 scrolls of blinking
Potions
 e - a potion of curing
 f - a potion of heal wounds
 h - a potion of berserk rage


   Skills:
 O Level 27 Fighting
 O Level 27 Short Blades
 O Level 27 Long Blades
 O Level 27 Axes
 O Level 27 Maces & Flails
 O Level 27 Polearms
 O Level 27 Staves
 O Level 27 Ranged Weapons
 O Level 27 Throwing
 O Level 27 Armour
 O Level 27 Dodging
 O Level 27 Stealth
 O Level 27 Shields
 O Level 27 Unarmed Combat
 O Level 27 Spellcasting
 O Level 27 Invocations
 O Level 27 Evocations


You couldn't memorise any spells.
You knew the following spells:

 Your Spells              Type           Power      Damage    Failure   Level
a - Blink                 Tloc           100%       N/A       0%          2
b - Lesser Beckoning      Tloc           82%        N/A       0%          3
c - Gell's Gravitas       Tloc           82%        N/A       0%          3
d - Teleport Other        Tloc           82%        N/A       0%          3
e - Manifold Assault      Tloc           82%        N/A       0%          5
f - Apportation           Tloc           100%       N/A       0%          1
g - Searing Ray           Conj           100%       2d8       0%          2
h - Tukima's Dance        Hex            82%        N/A       0%          3
i - Summon Guardian Gole  Hex/Summ       82%        N/A       0%          3
j - Petrify               Tmut/Erth      82%        N/A       0%          4
k - Borgnjor's Vile Clut  Necr/Erth      41%        N/A       0%          5
l - Simulacrum            Ice/Necr       41%        N/A       0%          6
m - Starburst             Conj/Fire      41%        6d12      0%          6
n - Orb of Destruction    Conj           41%        9d11      1%          7
o - Storm Form            Tmut/Air       41%        N/A       1%          7
p - Malign Gateway        Summ/Tloc      41%        N/A       1%          7
q - Infestation           Necr           41%        N/A       1%          8
r - Dragon's Call         Summ           41%        N/A       2%          9
Your spell library was empty.

Dungeon Overview and Level Annotations

Branches:
Dungeon (1/1)

Altars:
Makhleb

Annotations:
D The Defiler


Innate Abilities, Weirdness & Mutations

You are immune to sickness and miasma.
You are immune to poison.
Your flesh is very heat resistant. (rF++)
You are vulnerable to cold. (rC-)
You float through the air rather than walking.
You learn spells naturally, not from books.
Your magical power is your life essence.
You have superior vitality. (+4 MHP)


Message History

A dread comes into view.
A meat beast comes into view.
The meat beast bites you but does no damage.
The meat beast completely misses you.
You hear a shout!
The observer gazes at you. Something smites you!
* * * LOW HITPOINT WARNING * * *
The meat beast bites you!!
* * * LOW HITPOINT WARNING * * *
The meat beast tramples you.
* * * LOW HITPOINT WARNING * * *
You hold your ground!
You hear a shout!
The observer completely misses you.
The meat berserker rages.
You hear a shout!
A dread comes into view.
The meat berserker rages.
You hear a shout! x2
The meat berserker is engulfed in blazing flames.
You hear a shout!
The meat berserker rages.
The observer is engulfed in blazing flames.
The observer gazes at you. Something smites you!
* * * LOW HITPOINT WARNING * * *
The dread calls on the powers of darkness!
The meat berserker convulses!
The observer convulses!
The meat berserker convulses! x2; The observer convulses!
Your body is wracked with pain!
* * * LOW HITPOINT WARNING * * *
The meat berserker convulses!
The bag of meat convulses!
The meat berserker convulses!
You hear a shout!
The observer completely misses you.
You hear a shout!
The observer is engulfed in blazing flames.
The observer gazes at you. Something smites you!
You die...

W)§ # #..o.G))..........
.o@#)#.#OoOOL.......))##
.§O#o#)oOO.#..))).))#.) .
☼OG.WoWW.V.).).).))#.)
... #GoO.2)2##)#)))...).)
.W..##2OVS......)......).
#....OO####WMo.#....)###
#.22OGO§..W.........#
####@GO2............)
####..)..........)
###############


You could see an accursed, 4 meat beasts, 4 observers, The Defiler, 4 dreads, 9
meat berserkers and 4 bags of meat.

Vanquished Creatures
  Sigmund (D)
  16 hell beasts (D)
  A royal mummy (D)
  2 great orbs of eyes (D)
  A wraith (D)
  Harold (D)
  18 vampire knights (D)
  34 ogres (D)
  4 two-headed ogres (D)
  6 liches (D)
  4 hydras (D)
  3 phantoms (D)
  63 orcs (D)
  8 skeletal warriors (D)
162 creatures vanquished.

Notes
Turn   | Place    | Note
-------+----------+-------------------------------------------
     0 | D        | Found the +∞ Axe of Woe
     0 | D        | raph the Djinni Warper began the quest for the Orb.
     0 | D        | raph set off with the following spells memorised: Blink,
                  | Lesser Beckoning, Gell's Gravitas, Teleport Other, Manifold
                  | Assault.
     0 | D        | Reached XP level 1. HP: 18/18 MP: 0/0
     1 | D        | Noticed a meat berserker
     2 | D        | Killed a meat berserker
     2 | D        | Noticed a bag of meat
     2 | D        | Noticed a bag of meat
     2 | D        | Noticed a bag of meat
     3 | D        | Reached skill level 10 in Axes
     3 | D        | Reached skill level 10 in Throwing
     3 | D        | Reached skill level 10 in Spellcasting
     3 | D        | Reached XP level 2. HP: 39/39 MP: 0/0
     3 | D        | Reached XP level 3. HP: 44/44 MP: 0/0
     3 | D        | Learned a level 1 spell: Apportation
     3 | D        | Reached XP level 4. HP: 50/50 MP: 0/0
     3 | D        | Reached XP level 5. HP: 56/56 MP: 0/0
     3 | D        | Learned a level 2 spell: Searing Ray
     3 | D        | Reached XP level 6. HP: 62/62 MP: 0/0
     3 | D        | Reached XP level 7. HP: 67/67 MP: 0/0
     3 | D        | Learned a level 3 spell: Tukima's Dance
     3 | D        | Reached XP level 8. HP: 74/74 MP: 0/0
     3 | D        | Reached XP level 9. HP: 79/79 MP: 0/0
     3 | D        | Learned a level 3 spell: Summon Guardian Golem
     3 | D        | Reached XP level 10. HP: 85/85 MP: 0/0
     3 | D        | Reached XP level 11. HP: 90/90 MP: 0/0
     3 | D        | Learned a level 4 spell: Petrify
     3 | D        | Reached XP level 12. HP: 96/96 MP: 0/0
     3 | D        | Noticed a bag of meat
     5 | D        | Became a worshipper of Makhleb the Destroyer
     7 | D        | Killed a bag of meat
     7 | D        | Noticed a bag of meat
     8 | D        | Reached XP level 13. HP: 104/104 MP: 0/0
     8 | D        | Learned a level 5 spell: Borgnjor's Vile Clutch
     8 | D        | Killed a bag of meat
     8 | D        | Reached * piety under Makhleb
     8 | D        | Noticed a bag of meat
     8 | D        | Noticed a bag of meat
     9 | D        | Reached skill level 15 in Dodging
     9 | D        | Killed a bag of meat
     9 | D        | Killed a bag of meat
     9 | D        | Killed a bag of meat
     9 | D        | Reached ** piety under Makhleb
    10 | D        | Reached XP level 14. HP: 116/116 MP: 0/0
    10 | D        | Killed a bag of meat
    10 | D        | Noticed a meat berserker
    10 | D        | Noticed a bag of meat
    10 | D        | Noticed a bag of meat
    11 | D        | Reached XP level 15. HP: 117/122 MP: 0/0
    11 | D        | Learned a level 6 spell: Simulacrum
    11 | D        | Reached *** piety under Makhleb
    11 | D        | Killed a meat berserker
    12 | D        | Reached skill level 15 in Throwing
    12 | D        | Reached XP level 16. HP: 134/134 MP: 0/0
    13 | D        | Noticed a meat berserker
    15 | D        | Reached **** piety under Makhleb
    15 | D        | Killed a meat berserker
    16 | D        | Reached XP level 17. HP: 143/143 MP: 0/0
    16 | D        | Learned a level 6 spell: Starburst
    18 | D        | Noticed a meat berserker
    18 | D        | Noticed a destroyer
    18 | D        | Noticed a large bag of meat
    19 | D        | Reached ***** piety under Makhleb
    19 | D        | Killed a destroyer
    20 | D        | Reached XP level 18. HP: 155/155 MP: 0/0
    20 | D        | Killed a meat berserker
    20 | D        | Killed a large bag of meat
    21 | D        | Reached XP level 19. HP: 164/164 MP: 0/0
    21 | D        | Learned a level 7 spell: Orb of Destruction
    23 | D        | Noticed a destroyer
    23 | D        | Noticed a destroyer
    23 | D        | Noticed a meat berserker
    24 | D        | Killed a destroyer
    24 | D        | Reached ****** piety under Makhleb
    24 | D        | Killed a meat berserker
    24 | D        | Noticed a large bag of meat
    25 | D        | Reached skill level 27 in Axes
    25 | D        | Reached skill level 27 in Dodging
    25 | D        | Reached XP level 20. HP: 177/177 MP: 0/0
    25 | D        | Killed a large bag of meat
    25 | D        | Noticed a destroyer
    26 | D        | Reached skill level 27 in Fighting
    26 | D        | Reached skill level 27 in Armour
    26 | D        | Killed a destroyer
    26 | D        | Killed a destroyer
    26 | D        | Noticed a large bag of meat
    27 | D        | Reached skill level 27 in Throwing
    27 | D        | Reached skill level 27 in Spellcasting
    27 | D        | Reached XP level 21. HP: 187/187 MP: 0/0
    27 | D        | Learned a level 7 spell: Storm Form
    27 | D        | Noticed a meat berserker
    27 | D        | Noticed a destroyer
    28 | D        | Noticed an eight-headed meat hydra
    28 | D        | Killed a nine-headed meat hydra
    28 | D        | Noticed a meat berserker
    28 | D        | Noticed a destroyer
    28 | D        | Noticed a destroyer
    29 | D        | Reached skill level 10 in Unarmed Combat
    29 | D        | Reached skill level 10 in Invocations
    30 | D        | Killed a destroyer
    30 | D        | Killed a destroyer
    31 | D        | Reached skill level 15 in Stealth
    31 | D        | Reached XP level 22. HP: 194/194 MP: 0/0
    31 | D        | Killed a destroyer
    32 | D        | Reached skill level 15 in Maces & Flails
    32 | D        | Reached skill level 15 in Polearms
    32 | D        | Killed a meat berserker
    33 | D        | Reached XP level 23. HP: 201/201 MP: 0/0
    33 | D        | Learned a level 7 spell: Malign Gateway
    33 | D        | Noticed a destroyer
    33 | D        | Killed a destroyer
    33 | D        | Noticed The Servant
    34 | D        | Killed a large bag of meat
    34 | D        | Killed The Servant
    35 | D        | Reached XP level 24. HP: 208/208 MP: 0/0
    35 | D        | Noticed a destroyer
    35 | D        | Killed a destroyer
    36 | D        | Noticed a destroyer
    38 | D        | Killed a destroyer
    39 | D        | Reached skill level 27 in Unarmed Combat
    39 | D        | Reached skill level 27 in Invocations
    39 | D        | Reached XP level 25. HP: 214/214 MP: 0/0
    39 | D        | Learned a level 8 spell: Infestation
    41 | D        | Noticed a destroyer
    41 | D        | Killed a destroyer
    42 | D        | Reached skill level 27 in Stealth
    46 | D        | Reached skill level 27 in Maces & Flails
    46 | D        | Reached skill level 27 in Polearms
    49 | D        | Reached XP level 26. HP: 221/221 MP: 0/0
    51 | D        | Noticed a tyrant
    52 | D        | Noticed a tyrant
    54 | D        | Killed a tyrant
    55 | D        | Reached skill level 27 in Staves
    55 | D        | Reached skill level 5 in Short Blades
    55 | D        | Reached skill level 5 in Long Blades
    55 | D        | Reached skill level 5 in Ranged Weapons
    56 | D        | Killed a tyrant
    57 | D        | Reached skill level 10 in Shields
    57 | D        | Reached skill level 10 in Evocations
    59 | D        | Reached skill level 10 in Ranged Weapons
    59 | D        | Noticed a meat beast
    60 | D        | Killed a meat beast
    61 | D        | Reached XP level 27. HP: 228/228 MP: 0/0
    61 | D        | Learned a level 9 spell: Dragon's Call
    61 | D        | Noticed a meat beast
    63 | D        | Killed a meat beast
    64 | D        | Noticed a destroyer
    64 | D        | Killed a destroyer
    65 | D        | Reached skill level 27 in Shields
    65 | D        | Reached skill level 27 in Evocations
    68 | D        | Reached skill level 27 in Short Blades
    68 | D        | Reached skill level 27 in Long Blades
    68 | D        | Reached skill level 27 in Ranged Weapons
    68 | D        | Noticed a meat beast
    68 | D        | Killed a meat beast
    72 | D        | Noticed a meat beast
    73 | D        | Killed a meat beast
    75 | D        | Noticed a meat beast
    75 | D        | Noticed a dread
    76 | D        | Killed a dread
    76 | D        | Killed a meat beast
    81 | D        | Noticed a destroyer
    82 | D        | Killed a destroyer
    82 | D        | Noticed a destroyer
    83 | D        | Killed a destroyer
    88 | D        | Noticed The Captor
    89 | D        | Killed The Captor
    89 | D        | Noticed a meat beast
    89 | D        | Noticed a destroyer
    91 | D        | Killed a meat beast
    91 | D        | Killed a destroyer
    91 | D        | Noticed a tyrant
    93 | D        | Killed a tyrant
    94 | D        | Noticed a meat beast
    94 | D        | Noticed a destroyer
    94 | D        | Noticed a meat beast
    95 | D        | Noticed a destroyer
    95 | D        | Killed a destroyer
    95 | D        | Noticed a tyrant
    95 | D        | Noticed a meat beast
    96 | D        | Killed a tyrant
    96 | D        | Killed a meat beast
    96 | D        | Killed a meat beast
    97 | D        | Killed a destroyer
    97 | D        | Killed a meat beast
    98 | D        | Noticed a meat beast
    98 | D        | Noticed an accursed
    98 | D        | Noticed a tyrant
    99 | D        | Killed a meat beast
    99 | D        | Killed a tyrant
    99 | D        | Noticed a meat beast
   100 | D        | Killed an accursed
   100 | D        | Killed a meat beast
   100 | D        | Noticed a large bag of meat
   101 | D        | Noticed a meat beast
   101 | D        | Noticed a meat beast
   102 | D        | Noticed a meat beast
   103 | D        | Killed a large bag of meat
   103 | D        | Killed a meat beast
   103 | D        | Noticed a meat beast
   103 | D        | Noticed a meat beast
   103 | D        | Noticed a destroyer
   103 | D        | Noticed a meat beast
   104 | D        | Killed a destroyer
   104 | D        | Killed a meat beast
   104 | D        | Killed a meat beast
   104 | D        | Noticed a dread
   104 | D        | Noticed a tyrant
   105 | D        | Noticed a meat beast
   105 | D        | Killed a meat beast
   105 | D        | Noticed a meat beast
   105 | D        | Noticed a meat beast
   106 | D        | Noticed a meat beast
   106 | D        | Noticed a tyrant
   107 | D        | Noticed a dread
   108 | D        | Killed a meat beast
   108 | D        | Noticed a destroyer
   109 | D        | Killed a tyrant
   109 | D        | Noticed a destroyer
   110 | D        | Noticed a dread
   110 | D        | Noticed a meat beast
   110 | D        | Noticed an accursed
   110 | D        | Noticed The Defiler
   111 | D        | Noticed a meat beast
   111 | D        | Noticed a dread
   111 | D        | HP: 7/228 [??? (5)]
   111 | D        | Killed from afar by an observer

Illustrated notes

Levels and vault maps discovered:
D:        meatsprint

Skill      XL: |  1  2  3  4  5  6  7  8  9 10 11 12 13 14 15 16 17 18 19 20 21 22 23 24 25 26 27 |
---------------+----------------------------------------------------------------------------------+-----
Fighting       | 12 13 16 18 20 22 23 25 27 | 27.0
Axes           | 10 12 16 19 21 23 25 27 | 27.0
Throwing       | 10 11 13 14 15 17 18 20 22 27 | 27.0
Armour         | 12 13 16 18 20 21 23 25 27 | 27.0
Dodging        | 13 14 17 18 19 21 23 25 27 | 27.0
Spellcasting   | 10 12 13 14 16 17 18 20 27 | 27.0
Maces & Flails | 3 13 16 21 24 27 | 27.0
Polearms       | 3 13 16 21 24 27 | 27.0
Stealth        | 3 15 17 22 25 27 | 27.0
Unarmed Combat | 3 16 18 24 27 | 27.0
Invocations    | 3 16 18 24 27 | 27.0
Staves         | 22 27 | 27.0
Short Blades   | 18 27 | 27.0
Long Blades    | 18 27 | 27.0
Ranged Weapons | 16 27 | 27.0
Shields        | 19 27 | 27.0
Evocations     | 19 27 | 27.0

Action                   |  1- 3 |  4- 6 |  7- 9 | 10-12 | 13-15 | 16-18 | 19-21 | 22-24 | 25-27 || total
-------------------------+-------+-------+-------+-------+-------+-------+-------+-------+-------++-------
Melee: Executioner's axe |     1 |       |       |     1 |     8 |    11 |    19 |    14 |   105 ||   159
 Cast: Manifold Assault  |       |       |       |       |     3 |     5 |     6 |     3 |    33 ||    50
       Simulacrum        |       |       |       |       |       |     1 |     1 |       |     2 ||     4
       Infestation       |       |       |       |       |       |       |       |       |     5 ||     5
  Use: Potion            |       |       |       |       |       |       |       |       |     1 ||     1
 Stab: Distracted        |       |       |       |       |       |       |       |     1 |       ||     1
Armor: Leather armour    |       |       |       |       |       |       |       |       |     2 ||     2
Dodge: Dodged            |       |       |       |       |       |       |       |       |     6 ||     6
